 Dungeon Crawl Stone Soup version 0.26-a0-466-g989023bd0d (webtiles) character file.

Game seed: 14870324025550479011

3112 KristoblXynda the Covert (level 9, -4/58 HPs)
             Began as a Spriggan Enchanter on July 28, 2020.
             Was a Follower of Ashenzari.
             Killed by divine providence
             ... invoked by an orc priest
              (15 damage)
             ... on level 7 of the Dungeon on July 29, 2020.
             The game lasted 00:22:09 (10221 turns).

KristoblXynda the Covert (Spriggan Enchanter)      Turns: 10221, Time: 00:22:09

Health: -4/58      AC: 24    Str:  5    XL:     9   Next: 60%
Magic:  1/30       EV:  4    Int: 19    God:    Ashenzari [*.....]
Gold:   391        SH:  0    Dex: 16    Spells: 14/23 levels left

rFire    . . .     SeeInvis +   v - +1 short sword (venom)
rCold    + . .     Faith    .   (shield restricted)
rNeg     + + +     Spirit   .   (armour currently unavailable)
rPois    +         Reflect  .   (helmet currently unavailable)
rElec    .         Harm     .   (cloak currently unavailable)
rCorr    .         NoTele   +   (gloves unavailable)
MR       +....                  (boots unavailable)
Stlth    +++++.....             j - amulet of the acrobat
HPRegen  0.19/turn              r - ring of magical power
MPRegen  0.22/turn              n - ring of protection from cold

@: tree-form
A: very small, unfitting armour, see invisible
a: Curse Item, Scrying, Renounce Religion


You were on level 7 of the Dungeon.
You worshipped Ashenzari.
Ashenzari was aware of your devotion.
You were a tree.
You visited 2 branches of the dungeon, and saw 8 of its levels.

You collected 391 gold pieces.

Inventory:

Hand Weapons
 s - a +0 short sword of flaming
 v - a +1 short sword of venom (weapon)
Armour
 d - a +1 cloak (melded)
 q - a cursed +1 robe of magic resistance (melded)
 u - a +2 pair of boots of rampaging
 x - a +1 pair of boots of running
Jewellery
 j - an amulet of the acrobat (around neck)
 n - a ring of protection from cold (right branch)
 r - a ring of magical power (left branch)
Wands
 l - a wand of paralysis (4)
Scrolls
 b - a scroll of magic mapping
 f - 2 scrolls of teleportation
 h - 2 scrolls of remove curse
 i - 2 scrolls of identify
 o - 3 scrolls of fog
 p - a scroll of enchant armour
 t - a scroll of enchant weapon
 y - a scroll of amnesia {unknown}
Potions
 a - a potion of haste
 c - 5 potions of flight
 e - 2 potions of brilliance
 g - a potion of lignification
 m - a potion of cancellation
 w - a potion of invisibility {unknown}
 z - a potion of might {unknown}
 A - a potion of mutation {unknown}


   Skills:
 + Level 4.5 Short Blades
 + Level 6.5 Dodging
 + Level 12.0 Stealth
 - Level 7.9 Spellcasting
 + Level 9.6 Hexes


You had 14 spell levels left.
You knew the following spells:

 Your Spells              Type           Power        Failure   Level
a - Corona                Hex            #####..      1%          1
b - Ensorcelled Hibernat  Hex/Ice        ####..       1%          2
c - Tukima's Dance        Hex            #####...     1%          3
d - Dazzling Flash        Conj/Hex       ####..       3%          3

Your spell library contained the following spells:

 Spells                   Type           Power        Failure   Level
 Confusing Touch          Hex            #####...     1%          3
 Gell's Gravitas          Tloc           #.........   28%         3
 Metabolic Englaciation   Hex/Ice        ####......   34%         5
 Yara's Violent Unravell  Hex/Tmut       ####......   34%         5
 Petrify                  Tmut/Erth      #.......     67%         4


Dungeon Overview and Level Annotations

Branches:
Dungeon (7/15)             Temple (1/1) D:4

Altars:
Ashenzari
Cheibriados
Dithmenos
Elyvilon
Fedhas
Gozag
Hepliaklqana
Kikubaaqudgha
Makhleb
Nemelex Xobeh
Okawaru
Qazlal
Ru
Sif Muna
Trog
Uskayaw
Vehumet
Wu Jian
Xom
Yredelemnul
Zin
The Shining One


Innate Abilities, Weirdness & Mutations

You are very small and have problems with some larger weapons.
You are too small for most types of armour.
You have supernaturally acute eyesight. (SInv)
((You cover ground extremely quickly.))


Message History

Aim: a howler monkey (chance to defeat MR: 63%)
The howler monkey looks drowsy...
The orc priest looks satisfied for a moment.
The helpless howler monkey fails to defend itself.
You perforate the howler monkey like a sieve!!!
You kill the howler monkey!
Your Stealth skill increases to level 12!
The howler monkey hoots and howls with incredible vigour!
Casting: Ensorcelled Hibernation (safe; 1% risk of failure)
Confirm with . or Enter, or press ? or * to list all spells.
Aiming: Ensorcelled Hibernation (safe; 1% risk of failure)
Press: ? - help, Shift-Dir - straight line, f - howler monkey
Aim: a howler monkey (catching its breath, chance to defeat MR: 63%)
The howler monkey resists with significant effort.
The howler monkey hoots and howls with incredible vigour!
You hit the howler monkey.
The howler monkey is poisoned.
The howler monkey is lightly wounded.
The orc priest invokes the aid of Beogh against you.
Beogh smites you!
You die...

#.###........##################.#
#.# #...............# #.# #.#
#.####.....####.# #.# #.# #.#
##...## #.# #.# #.# #.# ##.##
#.###########.# #.# #.# #.#
##.#...........# ... +#.#+
##..#.########..#
....###...###...#.# #..#
......8roh♣.....# #(.#
..###.ho###.....# #..# #.'#.#+
##..#.# #..# #.. #. ##.#.# #..#
#.h #. #.#.# #..# #S .. #.#.#
#..# # .. #.#.# #..# ... ..#(#
#..# #..#


You could see 2 howler monkeys, an orc priest, an orc and a quokka.

Vanquished Creatures
  2 hippogriffs (D:7)
  Sigmund (D:5)
  A vampire mosquito (D:7)
  Duvessa (D:5)
  An orc warrior (D:7)
  An ogre (D:5)
  A necrophage (D:7)
  2 phantoms
  2 centaurs (D:7)
  2 bullfrogs
  Dowan (D:5)
  3 scorpions
  3 wights (D:6)
  4 howler monkeys
  A centaur zombie (D:6)
  6 hounds
  6 orc priests
  3 iguanas
  A jelly (D:7)
  3 orc wizards
  6 worker ants
  5 hound skeletons
  8 gnolls
  12 adders
  An ooze (D:6)
  An adder skeleton (D:4)
  3 worms
  4 dart slugs
  2 leopard geckos (D:7)
  28 orcs
  6 giant cockroaches
  9 goblins
  6 hobgoblins
  15 jackals
  6 quokkas
  7 bats
  4 frilled lizards
  A jackal skeleton (D:5)
  6 kobolds
  A leopard gecko skeleton (D:5)
  10 rats
186 creatures vanquished.

Vanquished Creatures (collateral kills)
  2 wights (D:6)
  An orc (D:6)
3 creatures vanquished.

Vanquished Creatures (others)
  2 dancing weapons (D:6)
2 creatures vanquished.

Grand Total: 191 creatures vanquished

Notes
Turn   | Place    | Note
-------+----------+-------------------------------------------
     0 | D:1      | KristoblXynda the Spriggan Enchanter began the quest for
                  | the Orb.
     0 | D:1      | Reached XP level 1. HP: 9/9 MP: 5/5
   255 | D:1      | Reached XP level 2. HP: 13/13 MP: 7/7
   505 | D:1      | Learned a level 2 spell: Ensorcelled Hibernation
   535 | D:1      | Reached skill level 5 in Stealth
   799 | D:1      | You fall into a shaft and drop 1 floor!
   799 | D:2      | Found a faded altar of an unknown god.
   863 | D:2      | Reached XP level 3. HP: 16/16 MP: 3/8
  1786 | D:2      | Reached XP level 4. HP: 21/21 MP: 10/10
  2043 | D:3      | Reached skill level 6 in Stealth
  2223 | D:3      | Learned a level 3 spell: Tukima's Dance
  2966 | D:3      | Reached XP level 5. HP: 22/24 MP: 7/12
  3222 | D:4      | Reached skill level 5 in Hexes
  3229 | D:4      | Noticed a phantom
  3434 | D:4      | Learned a level 3 spell: Dazzling Flash
  3563 | D:4      | Killed a phantom
  3563 | D:4      | Reached skill level 7 in Stealth
  3563 | D:4      | Reached skill level 5 in Spellcasting
  3563 | D:4      | Reached XP level 6. HP: 20/28 MP: 14/14
  3755 | D:4      | Found a staircase to the Ecumenical Temple.
  3761 | Temple   | Entered the Ecumenical Temple
  3801 | Temple   | Upgraded the game from 0.26-a0-451-gacbe401039 to
                  | 0.26-a0-466-g989023bd0d
  4216 | D:4      | Reached skill level 8 in Stealth
  4216 | D:4      | Reached XP level 7. HP: 30/32 MP: 6/16
  5373 | D:5      | Entered Level 5 of the Dungeon
  5528 | D:5      | Noticed Duvessa
  5528 | D:5      | Noticed Dowan
  5548 | D:5      | Killed Duvessa
  5563 | D:5      | Killed Dowan
  5609 | D:5      | Noticed Sigmund
  5630 | D:5      | Killed Sigmund
  5630 | D:5      | Reached skill level 9 in Stealth
  5631 | D:5      | Reached XP level 8. HP: 4/36 MP: 19/19
  6459 | D:5      | Found a shattered altar of Ashenzari.
  6544 | D:5      | Became a worshipper of Ashenzari the Shackled
  6756 | D:5      | Reached skill level 10 in Stealth
  9003 | D:7      | Reached skill level 11 in Stealth
  9290 | D:7      | Reached XP level 9. HP: 39/39 MP: 21/21
  9777 | D:7      | Reached skill level 5 in Dodging
 10093 | D:7      | Reached * piety under Ashenzari
 10219 | D:7      | Reached skill level 12 in Stealth
 10221 | D:7      | Killed from afar by an orc priest

Illustrated notes

Levels and vault maps discovered:
D:1:      eino_arrival_water_star, layout_loops_ring, kennysheep_doodads
D:2:      layout_basic, chequers_ecumenical_altar_simple
D:3:      layout_basic
D:4:      layout_gridville, minmay_temple_entry_mini_moons
D:5:      layout_loops_ring, ashenzari_altar_1, serial_bayou,
          serial_bayou_ford_a, serial_bayou_lake_a, serial_bayou_pond_c,
          serial_bayou_lagoon_b, uniq_duvessa, uniq_sigmund
D:6:      layout_rooms, kennysheep_flooded_box
D:7:      cheibrodos_barr_body, layout_basic
Temple:   kilobyte_greek_temple

Skill      XL: |  1  2  3  4  5  6  7  8  9 |
---------------+----------------------------+-----
Spellcasting   | 3 4 5 7 |  7.9
Hexes          | 4 5 6 7 8 9 |  9.6
Stealth        | 5 6 7 8 9 11 12 | 12.0
Short Blades   | 2 4 |  4.5
Dodging        | 4 6 |  6.5

Action                   |  1- 3 |  4- 6 |  7- 9 || total
-------------------------+-------+-------+-------++-------
Melee: Dagger            |   119 |   164 |   239 ||   522
       Short sword       |       |       |   154 ||   154
 Cast: Ensorcelled Hiber |     4 |    33 |   103 ||   140
       Corona            |       |     2 |     4 ||     6
       Tukima's Dance    |       |       |     9 ||     9
Invok: Curse Item        |       |       |     1 ||     1
Evoke: Wand              |       |    11 |    19 ||    30
  Use: Scroll            |     6 |     5 |     5 ||    16
       Potion            |       |     1 |     3 ||     4
 Stab: Sleeping          |    21 |    27 |    78 ||   126
       Distracted        |       |       |     1 ||     1
       Paralysed         |       |       |     1 ||     1
Armor: Robe              |    14 |    22 |    57 ||    93
       Skin              |       |       |     6 ||     6
Dodge: Dodged            |    84 |   162 |   347 ||   593

Table legend: (Time is in decaauts)
 A = Elapsed time spent in this place.
 B = Non-inter-level travel time spent in this place.
 C = Inter-level travel time spent in this place.
 D = Time resting spent in this place.
 E = Time spent auto-exploring this place.
 F = Levels seen in this place.
 G = Mean time per level.
                   A        B        C        D        E       F      G
               +--------+--------+--------+--------+--------+-----+--------+
         Total |   8362 |   8232 |    130 |   3971 |   2348 |   8 | 1045.2 |
       Dungeon |   8272 |   8145 |    127 |   3971 |   2298 |   7 | 1181.7 |
        Temple |     90 |     87 |      3 |      0 |     49 |   1 |   90.0 |
               +--------+--------+--------+--------+--------+-----+--------+

Top non-repeatable levels by time:
     D:4: 1703 daAuts
     D:5: 1653 daAuts
     D:6: 1205 daAuts
     D:3: 1116 daAuts
     D:7: 1114 daAuts
     D:1: 862 daAuts
     D:2: 617 daAuts
  Temple: 90 daAuts
